 Dungeon Sprint DCSS version 0.30-a0-728-gc68057be0a (webtiles) character file.

Game seed: 15509730306771532323

461 BigDaddyOpFi the Thaumaturge (level 6, -16/32 HPs)
             Began as a Deep Elf Earth Elementalist on Jan 31, 2023.
             Was a High Priest of Sif Muna.
             Demolished by a demonic crawler (19 damage)
             ... in the Dungeon (Sprint VII: "The Pits").
             The game lasted 00:02:13 (611 turns).

BigDaddyOpFi the Thaumaturge (DEEE)                  Turns: 611, Time: 00:02:14

Health: -16/32     AC:  2    Str:  5    XL:     6   Next: 79%
Magic:  10/21      EV: 15    Int: 22    God:    Sif Muna [*****.]
Gold:   0          SH:  0    Dex: 15    Spells: 21/25 levels left

rFire   . . .      SeeInvis .    h - +2 hand axe
rCold   . . .      Faith    .    (no shield)
rNeg    . . .      Spirit   .    a - +0 robe
rPois   .          Reflect  .    (no helmet)
rElec   .          Harm     .    (no cloak)
rCorr   .          Rampage  .    (no gloves)
Will    .....      NoTele   +    (no boots)
Stlth   ++++                     (no amulet)
HPRegen 0.25/turn                (no ring)
MPRegen 0.17/turn                (no ring)

@: no status effects
A: no striking features
a: Renounce Religion, Channel Magic, Forget Spell, Divine Exegesis


You were in the Dungeon.
You worshipped Sif Muna.
Sif Muna was extremely pleased with you.
You visited 1 branch

Inventory:

Hand Weapons
 h - a +2 hand axe (weapon)
Armour
 a - a +0 robe (worn)
 c - a +3 ring mail
Scrolls
 g - a scroll of blinking
Potions
 b - 5 potions of magic
 e - a potion of haste
 f - 2 potions of berserk rage
 i - 2 potions of invisibility
 j - 5 potions of curing


   Skills:
 - Level 6.5 Dodging
 - Level 7.1 Stealth
 + Level 10.0 Spellcasting
 + Level 5.4 Conjurations
 - Level 5.6 Transmutations
 + Level 8.7 Earth Magic


You had 21 spell levels left.
You knew the following spells:

 Your Spells              Type           Power      Damage    Failure   Level
a - Sandblast             Erth           98%        2d20      1%          1
b - Stone Arrow           Conj/Erth      84%        3d12      1%          3

Your spell library contained the following spells:

 Spells                   Type           Power      Damage    Failure   Level
 Passwall                 Tmut/Erth      35%        N/A       1%          2
 Petrify                  Tmut/Erth      42%        N/A       3%          4


Dungeon Overview and Level Annotations

Branches:
Dungeon (1/1)

Altars:
Ashenzari
Cheibriados
Dithmenos
Elyvilon
Fedhas
Gozag
Hepliaklqana
Kikubaaqudgha
Makhleb
Nemelex Xobeh
Okawaru
Qazlal
Ru
Sif Muna
Trog
Uskayaw
Vehumet
Wu Jian
Xom
Yredelemnul
Zin
The Shining One
Jiyva
Lugonu


Message History

The demonic crawler closely misses you. The demonic crawler hits you!
The demonic crawler hits you.
Aiming: Stone Arrow (safe; 1% risk of failure)
Press: ? - help, Q - select action, (/) - cycle Shift-Dir - straight line, f - demonic crawler
Aim: a demonic crawler (89% to hit)
The stone arrow hits the demonic crawler!
The demonic crawler is moderately wounded.
The demonic crawler hits you!
* * * LOW HITPOINT WARNING * * *
The demonic crawler misses you.
The demonic crawler hits you but does no damage.
You feel much better. The demonic crawler misses you. x2
The demonic crawler hits you.
Aiming: Stone Arrow (safe; 1% risk of failure)
Press: ? - help, Q - select action, (/) - cycle Shift-Dir - straight line, f/p - demonic crawler
Aim: a demonic crawler (89% to hit)
The stone arrow hits the demonic crawler but does no damage.
The demonic crawler hits you!
* * * LOW HITPOINT WARNING * * *
The demonic crawler hits you but does no damage.
The demonic crawler closely misses you.
The demonic crawler completely misses you.
The demonic crawler closely misses you. The demonic crawler barely misses you.
You feel much better. The demonic crawler hits you!
The demonic crawler hits you. x2
Aiming: Stone Arrow (safe; 1% risk of failure)
Press: ? - help, Q - select action, (/) - cycle Shift-Dir - straight line, f/p - demonic crawler
Aim: a demonic crawler (89% to hit)
The stone arrow hits the demonic crawler.
The demonic crawler is lightly wounded.
The demonic crawler hits you. The demonic crawler closely misses you.
The demonic crawler barely misses you.
You feel much better. The demonic crawler hits you!!
Ouch! That really hurt!
The demonic crawler hits you but does no damage.
The demonic crawler misses you. The demonic crawler hits you!
* * * LOW HITPOINT WARNING * * *
The demonic crawler closely misses you. The demonic crawler hits you!!
Ouch! That really hurt!
You die...

#.#).......##.......#
#'###########.......#
#).#.#.## #########
#.......# ##.#.#.##
#.......#+#
##.#.#.##.+
#.......#s#
##.#.#..'@#
##########


You could see a demonic crawler.

Vanquished Creatures
  A fire bat (D)
  A floating eye (D)
  A necrophage (D)
  A scorpion (D)
  A crimson imp (D)
  An iguana (D)
  2 gnolls (D)
  A white imp (D)
  A bat zombie (D)
  A hobgoblin (D)
  4 jackals (D)
  A frilled lizard (D)
  A giant cockroach zombie (D)
  A kobold (D)
  A rat (D)
19 creatures vanquished.

Notes
Turn   | Place    | Note
-------+----------+-------------------------------------------
     0 | D        | BigDaddyOpFi the Deep Elf Earth Elementalist began the
                  | quest for the Orb.
     0 | D        | Reached XP level 1. HP: 10/10 MP: 6/6
    15 | D        | Found a bloodstained altar of Trog.
    15 | D        | Found a shimmering blue altar of Sif Muna.
    15 | D        | Found a viscous altar of Jiyva.
    15 | D        | Found a hazy altar of Hepliaklqana.
    15 | D        | Found an opulent altar of Gozag.
    16 | D        | Found a glowing golden altar of the Shining One.
    16 | D        | Found a glowing silver altar of Zin.
    16 | D        | Found a basalt altar of Yredelemnul.
    16 | D        | Found a shimmering altar of Xom.
    16 | D        | Found an ornate altar of the Wu Jian Council.
    16 | D        | Found a sacrificial altar of Ru.
    16 | D        | Found a stormy altar of Qazlal.
    16 | D        | Found an iron altar of Okawaru.
    16 | D        | Found a sparkling altar of Nemelex Xobeh.
    16 | D        | Found a burning altar of Makhleb.
    16 | D        | Found a blossoming altar of Fedhas.
    16 | D        | Found a white marble altar of Elyvilon.
    16 | D        | Found a shadowy altar of Dithmenos.
    16 | D        | Found a snail-covered altar of Cheibriados.
    18 | D        | Found a radiant altar of Vehumet.
    18 | D        | Found a corrupted altar of Lugonu.
    19 | D        | Found an ancient bone altar of Kikubaaqudgha.
    19 | D        | Found a hide-covered altar of Uskayaw.
    19 | D        | Found a broken altar of Ashenzari.
    20 | D        | Became a worshipper of Sif Muna the Loreminder
    51 | D        | Noticed a scorpion
    51 | D        | Noticed a floating eye
    57 | D        | Killed a floating eye
    58 | D        | Reached skill level 5 in Dodging
    58 | D        | Reached skill level 5 in Stealth
    58 | D        | Reached skill level 6 in Spellcasting
    58 | D        | Reached skill level 5 in Earth Magic
    58 | D        | Reached XP level 2. HP: 15/15 MP: 6/11
    58 | D        | Reached XP level 3. HP: 19/19 MP: 6/12
    58 | D        | Reached XP level 4. HP: 24/24 MP: 7/14
    63 | D        | Killed a scorpion
    64 | D        | Reached skill level 5 in Transmutations
    64 | D        | Reached XP level 5. HP: 5/28 MP: 9/16
   119 | D        | Reached * piety under Sif Muna
   127 | D        | Reached ** piety under Sif Muna
   312 | D        | Reached skill level 7 in Spellcasting
   319 | D        | Reached *** piety under Sif Muna
   389 | D        | Learned a level 3 spell: Stone Arrow
   403 | D        | Noticed a fire bat
   405 | D        | Reached skill level 1 in Conjurations
   406 | D        | Reached **** piety under Sif Muna
   408 | D        | HP: 1/28 [gnoll/+0 spear (5)]
   411 | D        | Killed a fire bat
   412 | D        | Reached skill level 9 in Spellcasting
   412 | D        | Reached XP level 6. HP: 15/32 MP: 11/20
   413 | D        | Reached skill level 10 in Spellcasting
   413 | D        | Reached skill level 5 in Conjurations
   602 | D        | Reached ***** piety under Sif Muna
   605 | D        | Noticed a demonic crawler
   606 | D        | HP: 1/32 [demonic crawler (12)]
   611 | D        | Demolished by a demonic crawler

Illustrated notes

Levels and vault maps discovered:
D:        pitsprint [storerooms_1, entrance_room_1, metal_vault_1, armoury_3,
          mini_pit_1, grid_room_1, main_hall_1, silver_pit, the_coven_2,
          the_vestibule_1, steel_vault_4, golden_pit, hallway_of_sentries,
          crystal_vault_5, iron_vault_4, final_vault]

Skill      XL: |  1  2  3  4  5  6 |
---------------+-------------------+-----
Dodging        | 5 6 |  6.5
Stealth        | 5 6 7 |  7.1
Spellcasting   | 6 9 10 | 10.0
Transmutations | 4 5 |  5.6
Earth Magic    | 5 6 8 |  8.7
Conjurations   | 4 5 |  5.4

Action                     |  1- 3 |  4- 6 || total
---------------------------+-------+-------++-------
  Melee: Hand axe          |     3 |    26 ||    29
   Cast: Sandblast         |     2 |    13 ||    15
         Stone Arrow       |       |     4 ||     4
    Use: Potion            |     1 |     7 ||     8
 Armour: Robe              |     3 |    10 ||    13
  Dodge: Dodged            |     2 |    52 ||    54

Table legend: (Time is in decaauts)
 A = Elapsed time spent in this place.
 B = Non-inter-level travel time spent in this place.
 C = Inter-level travel time spent in this place.
 D = Time resting spent in this place.
 E = Time spent auto-exploring this place.
 F = Levels seen in this place.
 G = Mean time per level.
                   A        B        C        D        E       F      G
               +--------+--------+--------+--------+--------+-----+--------+
         Total |    636 |    620 |     16 |    402 |      0 |   1 |  636.0 |
       Dungeon |    636 |    620 |     16 |    402 |      0 |   1 |  636.0 |
               +--------+--------+--------+--------+--------+-----+--------+

Top non-repeatable levels by time:
       D: 636 daAuts
